Unix NetHack Version 3.7.0-102 Work-in-progress - last build May 6 2024 11:13:24 (a826c253819134adcd5a35278a77b28aa00a2e05,branch:master). Game began 2024-05-14 18:32:27, ended 2024-05-14 19:25:37. nmlkj, chaotic male human Wizard ------- |..`..| -------------- | |.....| ####-............| |. |.....| # |............| |. |.....+ #### |............| |.. |.....| ### |.......[....| |.. |....>| # .............| .. -----|- ### ---.---------- . ###### #### # ### ########`# ################# ###### #### # # ## ## # # ### # # ####### # ----u-%#### # |..(.%#### -----.---- |[...|# ## |...<..... |....| |.*......| ------ ---------- Nmlkj the Thaumaturge St:7 Dx:14 Co:13 In:18 Wi:14 Ch:8 Chaotic S:7564 Dlvl:7 $:258 HP:0(72) Pw:2(117) AC:5 Xp:8/1724 T:6297 Satiated Burdened Latest messages: You kill the hobgoblin! There is a bugbear corpse here; eat it? [ynq] (n) y This bugbear corpse is tough. You're having a hard time getting all of it down. Continue eating? [yn] (n) y You stuff yourself and then vomit voluminously. You can move again. You stop eating the bugbear corpse. The dwarf queen wakes up! The dwarf queen wields a mace! The dwarf queen swings wildly and misses! In what direction? h The spell misses the dwarf queen. In what direction? h The spell hits the dwarf queen! In what direction? h The spell misses the dwarf queen. In what direction? h The spell hits the dwarf queen! You kill the dwarf queen! You have a little trouble lifting a pair of hard shoes. Continue? [ynq] (q) y You have a little trouble lifting v - a pair of hard shoes. Your movements are slowed slightly because of your load. What do you want to wear? [v or ?*] v You finish your dressing maneuver. You sit on the opulent throne. You feel somehow out of place... The throne vanishes in a puff of logic. The gray unicorn butts! The gray unicorn kicks! The gray unicorn butts! The gray unicorn just misses! In what direction? n The spell misses the gray unicorn. The gray unicorn butts! The gray unicorn kicks! The gray unicorn butts! The gray unicorn kicks! You don't have enough energy to cast that spell. You miss the gray unicorn. The gray unicorn butts! The gray unicorn kicks! You see here a chest. The gray unicorn butts! The gray unicorn kicks! The gray unicorn butts! The gray unicorn kicks! The gray unicorn butts! The gray unicorn kicks! You die... Inventory: Coins $ - 258 gold pieces Weapons T - a cursed burnt -1 bow (weapon in right hand) p - 10 +0 darts s - a +0 elven dagger Z - a +0 orcish dagger a - a blessed +1 quarterstaff Armor Q - a cursed -1 dwarvish iron helm (being worn) v - a blessed +0 pair of iron shoes (being worn) b - an uncursed +0 cloak of magic resistance (being worn) E - an uncursed +0 dwarvish cloak S - an uncursed +0 leather jacket (being worn) Comestibles l - an uncursed food ration o - an uncursed pancake B - 2 uncursed lichen corpses Scrolls j - 2 uncursed scrolls of identify k - an uncursed scroll of teleportation Spellbooks I - a blessed spellbook of force bolt m - an uncursed spellbook of jumping Potions g - an uncursed potion of gain energy r - an uncursed potion of healing f - an uncursed potion of object detection h - an uncursed potion of see invisible Rings d - an uncursed ring of cold resistance e - an uncursed ring of invisibility (on right hand) w - a cursed ring of slow digestion (on left hand) Wands c - a blessed wand of create monster (0:11) C - a wand of slow monster named slow monster (0:7) u - a wand of teleportation (0:4) Tools y - an uncursed brass lantern n - a magic marker (0:6) O - a blessed tallow candle U - an uncursed tallow candle Gems/Stones R - an uncursed black opal t - 3 uncursed worthless pieces of white glass Nmlkj the Wizard's attributes: Background: You were a Thaumaturge, a level 8 male human Wizard. You were chaotic, on a mission for Anhur who was opposed by Ptah (lawful) and Thoth (neutral). You were right-handed. You were in the Dungeons of Doom, on level 7. You entered the dungeon 6297 turns ago. You had 1724 experience points, 836 more were needed to attain level 9. Your score was 7564 before end-of-game adjustments. Basics: You had 0 out of 72 hit points. You had 2 out of 117 energy points (spell power). Your armor class was 5. Your wallet contained 258 zorkmids. Autopickup was on for '$' plus thrown. Final Characteristics: Your strength was 7 (peak:13, limit:18/100). Your dexterity was 14 (peak:15, limit:18). Your constitution was 13 (limit:18). Your intelligence was 18 (limit:18). Your wisdom was 14 (limit:18). Your charisma was 8 (limit:18). Final Status: You were satiated. You were burdened; movement was slightly slowed. You were wielding a bow. You had no skill with bow. Final Attributes: You were piously aligned. You were magic-protected. You were invisible. You had slower digestion. You were warded. You are dead. Miscellaneous: You disabled loading of bones levels. Total elapsed playing time was 53 minutes and 10 seconds. Major events: Turn 1: nmlkj the chaotic male human Wizard entered the dungeon 774: entered the Gnomish Mines 802: attained the rank of Conjurer (level 3) 1692: attained the rank of Thaumaturge (level 6) 1801: reached Mine Town 3046: performed his first genocide (giant ants) 6297: killed by a gray unicorn Vanquished creatures: a dwarf ruler a tengu a wolf a giant spider a horse 2 chickatrices a dingo 2 jaguars 2 dwarf leaders a raven a snake 2 bugbears 3 Mordor orcs a rock piercer a rock mole 2 yellow lights 10 gnome leaders a kobold mummy a straw golem a floating eye 13 dwarves a kobold leader a kobold shaman 10 hill orcs 5 rothes a rabid rat a giant bat a wererat 3 iguanas 3 killer bees 2 hobbits 5 manes 3 hobgoblins a giant rat 5 cave spiders a yellow mold 2 green molds a red mold 31 gnomes 5 geckos 5 jackals a fox a kobold 2 goblins 2 grid bugs 7 lichens 7 newts 156 creatures vanquished. Genocided species: giant ants 1 species genocided. Voluntary challenges: You read items or engraved 13 times. You engraved Elbereth 1 time. You genocided 1 type of monster. You never polymorphed an object. You never changed form. You used no wishes. Achievements: You entered the Gnomish Mines. You attained the rank of Conjurer. You attained the rank of Thaumaturge. You entered Minetown. You entered a temple. You entered a shop. The Dungeons of Doom: levels 1 to 8 Level 1: Some fountains. Level 2: A sink. Level 3: A fountain, a sink, a grave. Stairs down to The Gnomish Mines. Level 4: A grave. Level 5: Level 6: Level 7: <- You were here. Final resting place for you, killed by a gray unicorn. Level 8: A fountain. The Gnomish Mines: levels 4 to 7 Level 4: Level 5: Level 6: Level 7: A temple and an altar to Anhur, some fountains, some trees. Game over: ---------- / \ / REST \ / IN \ / PEACE \ / \ | nmlkj | | 258 Au | | killed by a gray | | unicorn | | | | | | 2024 | *| * * * | * _________)/\\_//(\/(/\)/\//\/|_)_______ Goodbye nmlkj the Wizard... You died in The Dungeons of Doom on dungeon level 7 with 7539 points, and 258 pieces of gold, after 6297 moves. You were level 8 with a maximum of 72 hit points when you died.